 Dungeon Crawl Stone Soup version 0.30.0-5-g1a98f26d00 (webtiles) character file.

Game seed: 4924838166447981104

2793 Pimp the Skirmisher (level 9, -2/103 HPs)
             Began as a Demonspawn Hunter on May 12, 2023.
             Was a Follower of Okawaru.
             Killed by vampiric draining
             ... invoked by a vampire
              (18 damage)
             ... in a bailey.
             The game lasted 00:19:37 (5667 turns).

Pimp the Skirmisher (Demonspawn Hunter)             Turns: 5667, Time: 00:19:38

Health: -2/103     AC: 28    Str: 12    XL:     9   Next: 43%
Magic:  9/9        EV:  2    Int: 10    God:    Okawaru [*.....]
Gold:   115        SH:  0    Dex: 21    Spells: 8/8 levels left

rFire   + . .        h - +1 spear (flame)
rCold   + . .        (no shield)
rNeg    . . .        k - melded +4 scale mail {rF+}
rPois   +            (helmet currently unavailable)
rElec   +            (cloak currently unavailable)
rCorr   +            (gloves currently unavailable)
SInv    .            g - melded +0 pair of boots
Will    .....        f - amulet of reflection
Stlth   +            (no ring)
HPRegen 0.37/turn    (no ring)
MPRegen 0.11/turn

%: reflection
@: confused, tree-form, resistant, attractive, studying Air Magic, invisible
A: stationary, stasis, torment immunity, boosted hp, (antennae 1), (molten
scales 1), foul stench 1, icemail 1, condensation shield, wild magic 2
a: Renounce Religion, Heroism


You were in a bailey.
You worshipped Okawaru.
Okawaru was aware of your devotion.
You were a tree.
You visited 2 branches of the dungeon, and saw 8 of its levels.
You also visited: Bailey.

You collected 288 gold pieces.
You spent 173 gold pieces at shops.

Inventory:

Hand Weapons
 a - a +0 shortbow of draining
 h - a +1 spear of flaming (weapon)
Armour
 c - a +0 leather armour
 g - a +0 pair of boots (melded)
 k - a +4 scale mail of fire resistance (melded)
 p - +0 steam dragon scales
 q - a +1 leather armour of poison resistance
 y - a +0 helmet
Jewellery
 f - an amulet of reflection (around neck)
 t - the amulet "Ybumyen" {RegenMP rN+ Slay-3 Stlth+}
   (You bought it in a shop on level 5 of the Dungeon)

   [amulet of magic regeneration]

   It increases your rate of magic regeneration.
   Slay:      It affects your accuracy & damage with ranged weapons and melee
   (-3).
   rN:        It protects you from negative energy.
   Stlth:     It makes you more stealthy.
 w - a ring of fire
Wands
 i - a wand of flame (13) (quivered)
Scrolls
 b - 2 scrolls of immolation
 d - a scroll of vulnerability
 n - a scroll of noise
 v - a scroll of acquirement
Potions
 o - a potion of resistance


   Skills:
 + Level 6.1 Fighting
 * Level 8.3 Ranged Weapons
 + Level 5.6 Dodging
 + Level 5.8 Stealth


You had 8 spell levels left.
You didn't know any spells.
Your spell library contained the following spells:

 Spells                   Type           Power      Damage    Failure   Level
 Hailstorm                Conj/Ice       0%         3d3       87%         3
 Ice Form                 Ice/Tmut       0%         N/A       99%         4
 Simulacrum               Ice/Necr       Unusable   N/A       N/A         6

Dungeon Overview and Level Annotations

Branches:
Dungeon (7/15)             Temple (1/1) D:6          Bailey (1/1)

Altars:
Ashenzari
Cheibriados
Fedhas
Gozag
Kikubaaqudgha
Makhleb
Nemelex Xobeh
Okawaru
Qazlal
Ru
Uskayaw
Vehumet
Wu Jian
Xom
Yredelemnul

Shops:
D:5 *

Annotations:
Temple 2 transporters


Innate Abilities, Weirdness & Mutations

You are a tree.
Your roots penetrate the ground, keeping you stationary.
You cannot be teleported.
You are immune to unholy pain and torment.
Your maximum health is greatly increased.
Your equipment is partially melded.
((You have a pair of small antennae on your head.))
((You are partially covered in molten scales. (AC +2)))
You may rarely emit foul miasma when damaged in melee.
A meltable icy envelope protects you from harm. (AC +4)
A meltable shield of frost defends you. (SH +4)
Your spells are harder to cast, but more powerful.


Message History

Something tries to affect you, but you resist.
Something is attracted toward you.
Unknown command.
You cannot move. (Use ctrl+direction or * direction to attack while stationary and confused.)
You are too injured to fight recklessly!
You are too injured to fight recklessly!
You are too confused!
You cannot move. (Use ctrl+direction or * direction to attack while stationary and confused.)
You are too injured to fight recklessly!
You are too injured to fight recklessly!
You are too injured to fight recklessly!
You start resting.
You hear some strange, mumbled words.
You are more confused.
You start resting.
Something hits you!
* * * LOW HITPOINT WARNING * * *
Something bites you but does no damage.
You start resting.
Something hits you but does no damage. Something bites you but does no damage.
You are too injured to fight recklessly!
You are too injured to fight recklessly!
You are too injured to fight recklessly!
You are too confused!
Okay, then.
You are too confused!
You cannot move. (Use ctrl+direction or * direction to attack while stationary and confused.)
You shoot an arrow. Something hits you!
* * * LOW HITPOINT WARNING * * *
Something bites you but does no damage.
You cannot move. (Use ctrl+direction or * direction to attack while stationary and confused.)
You cannot move. (Use ctrl+direction or * direction to attack while stationary and confused.)
You cannot move. (Use ctrl+direction or * direction to attack while stationary and confused.) Unknown command.
You are too injured to fight recklessly!
You are too injured to fight recklessly!
Your +1 spear of flaming bursts into flame!
h - a +1 spear of flaming (weapon)
Something hits you but does no damage. Something bites you but does no damage.
You hit something. You burn something.
You die...

###''##...##....8#))#
#.........#......#'####
#8..........)....#....#
#########...)#...#....# .
##..##...'....#
...####....'....# ..
♣....#...####....#
#..........{#..#....#
#.♣........♣#..#'##'#
#...♣.).....#.)).#....♣
...♣.......#.)..#...8.♣
#+##..).....♣.####'#.....♣
#.)#............)..#.....♣
#.)'...♣..♣..♣.....#.8..♣♣
####..............##....♣
#................#.....♣
#................#....♣


There were no monsters in sight!

Vanquished Creatures
  A gargoyle (Bailey)
  2 steam dragons (D:5)
  Edmund (D:4)
  A sky beast (D:7)
  An ice beast (D:5)
  A black bear (D:4)
  An ogre (D:4)
  A phantom (D:6)
  A bullfrog (D:6)
  3 wights
  2 scorpions (D:5)
  7 wolf zombies (Bailey)
  A howler monkey (D:6)
  5 vampire bats (Bailey)
  4 jellies
  2 hounds
  A gnoll bouda (D:7)
  2 orc priests
  3 iguanas
  2 sleepcaps
  2 orc wizards
  9 adders
  13 gnolls
  2 white imps
  An ufetubus (D:6)
  A worm (D:2)
  3 dart slugs
  10 orcs
  8 endoplasms
  5 giant cockroaches
  13 goblins
  9 hobgoblins
  8 jackals
  7 kobolds
  3 quokkas
  5 ball pythons
  7 bats
  4 frilled lizards
  22 orc zombies (Bailey)
  5 rats
179 creatures vanquished.

Notes
Turn   | Place    | Note
-------+----------+-------------------------------------------
     0 | D:1      | Pimp the Demonspawn Hunter began the quest for the Orb.
     0 | D:1      | Reached XP level 1. HP: 16/16 MP: 1/1
    42 | D:1      | Reached skill level 1 in Stealth
    66 | D:1      | Found a faded altar of an unknown god.
    73 | D:1      | Gained mutation: You may rarely emit foul miasma when
                  | damaged in melee. [demonic ancestry]
    73 | D:1      | Reached XP level 2. HP: 22/22 MP: 2/2
   460 | D:1      | Reached XP level 3. HP: 28/28 MP: 3/3
   810 | D:2      | Reached skill level 4 in Ranged Weapons
   847 | D:2      | Reached XP level 4. HP: 28/34 MP: 4/4
  1687 | D:3      | Gained mutation: A meltable shield of frost defends you.
                  | (SH +4) [demonic ancestry]
  1687 | D:3      | Reached XP level 5. HP: 41/41 MP: 5/5
  2550 | D:4      | Noticed an ogre
  2682 | D:4      | Gained mutation: You are partially covered in molten
                  | scales. (AC +2) [demonic ancestry]
  2682 | D:4      | Reached XP level 6. HP: 44/47 MP: 6/6
  2790 | D:4      | Reached skill level 5 in Ranged Weapons
  3128 | D:4      | Found a sacrificial altar of Ru.
  3281 | D:5      | Entered Level 5 of the Dungeon
  3281 | D:5      | Noticed Edmund
  3302 | D:4      | Killed Edmund
  3303 | D:4      | Reached XP level 7. HP: 34/53 MP: 7/7
  3585 | D:5      | Reached skill level 6 in Ranged Weapons
  3894 | D:5      | Found a sparkling altar of Nemelex Xobeh.
  3974 | D:5      | Gained mutation: A meltable icy envelope protects you from
                  | harm. (AC +4) [demonic ancestry]
  3974 | D:5      | Reached XP level 8. HP: 49/61 MP: 8/8
  4119 | D:5      | Found Losogohu's Assorted Antiques.
  4123 | D:5      | Bought an ancient silver amulet for 110 gold pieces
  4123 | D:5      | Identified the amulet "Ybumyen" {RegenMP rN+ Slay-3 Stlth+}
                  | (You bought it in a shop on level 5 of the Dungeon)
  4123 | D:5      | Bought a glowing clear potion for 19 gold pieces
  4123 | D:5      | Bought a scroll labelled KOEQOUFOXA for 22 gold pieces
  4123 | D:5      | Bought a scroll labelled BUSKEICUQAS for 22 gold pieces
  4180 | D:5      | Found a burning altar of Makhleb.
  4348 | D:5      | Reached skill level 5 in Fighting
  4465 | D:5      | Reached skill level 7 in Ranged Weapons
  4635 | D:6      | Found an ornate altar of the Wu Jian Council.
  4810 | D:6      | Reached skill level 5 in Stealth
  4820 | D:6      | Reached skill level 5 in Dodging
  4830 | D:6      | Found a staircase to the Ecumenical Temple.
  4937 | Temple   | Entered the Ecumenical Temple
  4937 | Temple   | Found a transporter.
  4937 | Temple   | Found a transporter.
  4939 | Temple   | Found a transporter.
  4939 | Temple   | Found a transporter.
  4953 | Temple   | Became a worshipper of Warmaster Okawaru
  5043 | D:7      | Found a flagged portal.
  5099 | Bailey   | Entered a bailey
  5139 | Bailey   | Gained mutation: You have a pair of small antennae on your
                  | head. [demonic ancestry]
  5139 | Bailey   | Reached XP level 9. HP: 62/68 MP: 9/9
  5140 | Bailey   | Noticed a gargoyle
  5183 | Bailey   | Killed a gargoyle
  5183 | Bailey   | Reached * piety under Okawaru
  5211 | Bailey   | Reached skill level 8 in Ranged Weapons
  5626 | Bailey   | Gained mutation: You are vulnerable to cold. (rC-) [potion
                  | of mutation]
  5660 | Bailey   | Lost mutation: You are vulnerable to cold. (rC-) [potion of
                  | mutation]
  5660 | Bailey   | Gained mutation: Your spells are a little harder to cast,
                  | but a little more powerful. [potion of mutation]
  5660 | Bailey   | Gained mutation: Your spells are harder to cast, but more
                  | powerful. [potion of mutation]
  5667 | Bailey   | Killed from afar by a vampire

Illustrated notes

Levels and vault maps discovered:
D:1:      amcnicky_arrival_abandoned_market, layout_basic,
          hellmonk_ecumenical_altar_pennies_from_heaven
D:2:      layout_rooms
D:3:      layout_loops_ring
D:4:      minmay_recursive_quarters, layout_loops_ring,
          nicolae_ru_path_of_blood, kennysheep_path_1, hangedman_feature_mirror
D:5:      layout_loops_cross, mainiacjoe_overflow_chevrons,
          lightli_temple_of_fire, serial_shops, nicolae_shop_back_alley_shop,
          uniq_edmund
D:6:      cheibrodos_helix_gallery, layout_rooms, nicolae_wu_jian_wuxing_cycle,
          tso_altar, minmay_temple_entry_hall
D:7:      layout_loops_cross, enter_bailey_3, kennysheep_potato
Temple:   hellmonk_temple_divided_pantheon
Bailey:   bailey_polearm_vampire_castle_hellmonk, bailey

Skill      XL: |  1  2  3  4  5  6  7  8  9 |
---------------+----------------------------+-----
Stealth        | 1 2 3 4 5 |  5.8
Dodging        | 2 3 4 5 |  5.6
Ranged Weapons | 4 5 6 7 8 |  8.3
Fighting       | 3 4 5 6 |  6.1

Action                     |  1- 3 |  4- 6 |  7- 9 || total
---------------------------+-------+-------+-------++-------
  Melee: Spear             |       |       |     1 ||     1
   Fire: Shortbow          |    90 |   188 |   409 ||   687
  Evoke: Wand              |       |       |    15 ||    15
    Use: Scroll            |       |    11 |     4 ||    15
         Potion            |       |     5 |    11 ||    16
 Armour: Leather armour    |    21 |    23 |       ||    44
         Scale mail        |       |       |   212 ||   212
         Skin              |       |       |    17 ||    17
  Dodge: Dodged            |    33 |    46 |   197 ||   276
  Block: Other             |       |     9 |   147 ||   156
         Reflection        |       |       |     2 ||     2
